 Dungeon Crawl Stone Soup version 0.31-a0-466-g98c9adc2b6 (webtiles) character file.

Game seed: 4756944667043672533

627 LeprechaunX the Ruffian (level 7, -10/47 HPs)
             Began as an Octopode Shapeshifter on Aug 6, 2023.
             Was an Initiate of Hepliaklqana.
             Mangled by an ice beast (12 damage)
             ... on level 5 of the Dungeon.
             The game lasted 00:06:17 (4216 turns).

LeprechaunX the Ruffian (Octopode Shapeshifter)     Turns: 4216, Time: 00:06:18

Health: -10/47     AC:  1    Str: 21    XL:     7   Next: 48%
Magic:  7/7        EV: 14    Int: 10    God:    Hepliaklqana [......]
Gold:   217        SH:  0    Dex: 12    Spells: 6/6 levels left

rFire   . . .        a - +7 short sword "Ogreslayer" {pain, Str+4}
rCold   . . .        (no shield)
rNeg    . . .        (helmet currently unavailable)
rPois   .            (no amulet)
rElec   .            n - ring of flight
rCorr   .            (no ring)
SInv    .            (no ring)
Will    .....        (no ring)
Stlth   ++           (no ring)
HPRegen 0.27/turn    (no ring)
MPRegen 0.10/turn    (no ring)
                     (no ring)

%: no passive effects
@: beast-form, flying
A: beast (slay +3), almost no armour, amphibious, 8 rings, camouflage 1,
gelatinous body 1, (nimble swimmer 1), tentacles
a: Begin Untransformation, Renounce Religion


You were on level 5 of the Dungeon.
You worshipped Hepliaklqana.
Hepliaklqana was noncommittal.
You were a hulking beast.
You visited 2 branches of the dungeon, and saw 6 of its levels.
You also visited: Ossuary.

You collected 217 gold pieces.

Inventory:

Hand Weapons
 a - the +7 short sword "Ogreslayer" (weapon) {pain, Str+4}
   (You found it on level 3 of the Dungeon)

   Str:       It affects your strength (+4).
Missiles
 c - 2 atropa-tipped darts (quivered)
Armour
 p - a +0 buckler
Jewellery
 n - a ring of flight (left tentacle)
Talismans
 b - a beast talisman (active)
Wands
 r - a wand of acid (8)
Scrolls
 f - 2 scrolls of enchant armour {unknown}
 g - a scroll of noise {unknown}
 h - 2 scrolls of poison {unknown}
 j - 3 scrolls of fear {unknown}
 l - a scroll of revelation {unknown}
 o - a scroll of butterflies {unknown}
 t - a scroll of teleportation {unknown}
 u - a scroll of enchant weapon {unknown}
 w - 2 scrolls of fog {unknown}
 y - a scroll of identify {unknown}
 B - a scroll of blinking {unknown}
Potions
 d - 3 potions of curing {unknown}
 e - 3 potions of haste {unknown}
 i - 2 potions of enlightenment {unknown}
 k - a potion of berserk rage {unknown}
 m - a potion of attraction {unknown}
 q - a potion of lignification
 s - a potion of magic {unknown}
 v - a potion of brilliance {unknown}
 x - 2 potions of cancellation {unknown}
 z - a potion of invisibility {unknown}
 A - a potion of might {unknown}


   Skills:
 + Level 3.9 Fighting
 + Level 4.3 Dodging
 + Level 4.9 Unarmed Combat
 + Level 4.3 Shapeshifting


You had 6 spell levels left.
You didn't know any spells.
Your spell library contained the following spells:

 Spells                   Type           Power      Damage    Failure   Level
 Foxfire                  Conj/Fire      0%         2x1d4     36%         1
 Slow                     Hex            0%         N/A       36%         1
 Confusing Touch          Hex            0%         N/A       75%         3
 Vampiric Draining        Necr           0%         2d6       75%         3
 Olgreb's Toxic Radiance  Pois           0%         N/A       98%         4
 Plasma Beam              Fire/Air       0%         2x1d10    100%        6
 Starburst                Conj/Fire      0%         6d3       100%        6
 Discord                  Hex            0%         N/A       100%        8
 Ignition                 Fire           0%         3d3       100%        8


Dungeon Overview and Level Annotations

Branches:
Dungeon (5/15)             Temple (1/1) D:5         Ossuary (visited)

Altars:
Ashenzari
Cheibriados
Gozag
Hepliaklqana
Kikubaaqudgha
Makhleb
Nemelex Xobeh
Qazlal
Sif Muna
Trog
Wu Jian
Xom
Zin
The Shining One

Shops:
D:2 ?


Innate Abilities, Weirdness & Mutations

You are a hulking beast.
Your limbs bulge with bestial killing power. (Slay +3)
You cannot wear most types of armour.
You are amphibious.
You can wear up to eight rings at the same time.
Your skin changes colour to match your surroundings (Stealth+).
Your rubbery body absorbs attacks. (AC +1, EV +1)
((You are camouflaged when in or above water. (Stealth+)))
You have tentacles for arms and can constrict up to eight enemies at once.


Message History

The ice beast seems less confused.
The ice beast is no longer blind.
The ice beast hits you. The ice beast freezes you!
You hit the ice beast but do no damage.
Your tentacle-slap misses the ice beast.
You squeeze the ice beast.
The ice beast is lightly wounded.
The ice beast hits you. The ice beast freezes you!
You hit the ice beast.
The ice beast is moderately wounded.
The ice beast hits you. The ice beast freezes you.
You are too injured to fight recklessly!
You are too injured to fight recklessly!
You hit the ice beast.
The ice beast is moderately wounded.
The ice beast hits you.
* * * LOW HITPOINT WARNING * * *
The ice beast freezes you.
* * * LOW HITPOINT WARNING * * *
Unknown command.
You closely miss the ice beast.
The ice beast is moderately wounded.
The hound barks!
The ice beast misses you.
You completely miss the ice beast. You squeeze the ice beast!
The ice beast is heavily wounded.
The ice beast barely misses you. The hound bites you.
* * * LOW HITPOINT WARNING * * *
Unknown command.
You closely miss the ice beast.
The ice beast is heavily wounded.
The hound closely misses you. The ice beast misses you.
The hound closely misses you.
Unknown command.
You barely miss the ice beast.
The ice beast is heavily wounded.
The hound misses you. The ice beast hits you.
* * * LOW HITPOINT WARNING * * *
The ice beast freezes you!
You die...

#.# #.#.#
#..#...#...# #.#
#.#.##....#.....#.
#.#
#.#.#..#####.>.###
#.# #.#.##.
#.....# #...###
#...#...# #..##
....###... #..#
##..# #.. #..# #..
.# #h(# #.# ##
#hY# .#
#..........#
#.......###.
#.......#
..?.......$
###.......###
#.......#
#.......#


You could see an ice beast and a hound.

Vanquished Creatures
  A kobold brigand (D:3)
  5 centaur zombies (Ossuary)
  2 hounds (D:4)
  A sleepcap (D:5)
  3 iguanas
  6 mummies (Ossuary)
  6 adders
  2 dart slugs (D:1)
  10 bats
  9 endoplasms
  5 giant cockroaches
  3 goblins
  14 hobgoblins
  11 jackals
  4 quokkas
  5 ball pythons
  5 frilled lizards
  A hobgoblin zombie (Ossuary)
  13 kobolds
  A rat (D:2)
107 creatures vanquished.

Notes
Turn   | Place    | Note
-------+----------+-------------------------------------------
     0 | D:1      | LeprechaunX the Octopode Shapeshifter began the quest for
                  | the Orb.
     0 | D:1      | Reached XP level 1. HP: 13/13 MP: 1/1
    66 | D:1      | Reached XP level 2. HP: 18/18 MP: 2/2
    85 | D:1      | Found a faded altar of an unknown god.
   220 | D:1      | Reached XP level 3. HP: 23/23 MP: 3/3
   772 | D:2      | Found a glowing silver altar of Zin.
   848 | D:2      | Found Tenorul's Magic Scroll Shop.
  1134 | D:2      | Reached XP level 4. HP: 29/29 MP: 4/4
  2020 | D:3      | Noticed a kobold brigand
  2140 | D:3      | HP: 1/29 [kobold brigand/+0 club (9)]
  2141 | D:3      | Killed a kobold brigand
  2142 | D:3      | Reached XP level 5. HP: 1/35 MP: 5/5
  2698 | D:3      | Identified the +7 short sword "Ogreslayer" {pain, Str+4}
  2827 | D:4      | Reached XP level 6. HP: 37/41 MP: 6/6
  2890 | D:4      | Found a shimmering altar of Xom.
  2948 | D:4      | Found a bloodstained altar of Trog.
  2949 | D:4      | Found a broken altar of Ashenzari.
  2972 | D:4      | Found a shimmering blue altar of Sif Muna.
  2989 | D:4      | Found a sand-covered staircase.
  2996 | Ossuary  | Entered an ossuary
  3303 | Ossuary  | Reached XP level 7. HP: 36/46 MP: 7/7
  4036 | D:5      | Entered Level 5 of the Dungeon
  4041 | D:5      | Found a staircase to the Ecumenical Temple.
  4053 | Temple   | Entered the Ecumenical Temple
  4066 | Temple   | Became a worshipper of Hepliaklqana the Forgotten
  4216 | D:5      | HP: 2/47 [ice beast (2)]
  4216 | D:5      | Mangled by an ice beast

Illustrated notes

Levels and vault maps discovered:
D:1:      dpeg_arrival_tiny_a, layout_loops_ring, ebering_ecumenical_altar_hall
D:2:      layout_loops_corners, serial_shops, shop_statue, basic_altar,
          minivault_26, minmay_cut_off
D:3:      cheibrodos_thug_alley, layout_loops_ring, serial_bayou_pond_c,
          wad_floor_pattern_untrapped, minmay_checkerbox
D:4:      layout_basic, lemuel_doored_altar, mainiacjoe_overflow_chevrons,
          grunt_temple_overflow_open, chequers_ossuary_entry_cave
D:5:      layout_loops_ring, minmay_temple_entry_arrows, minmay_misc_feat_rows
Temple:   zaba_magenta_temple

Skill      XL: |  1  2  3  4  5  6 |
---------------+-------------------+-----
Fighting       | 2 3 |  3.9
Dodging        | 3 4 |  4.3
Unarmed Combat | 4 |  4.9
Shapeshifting  | 4 |  4.3

Action                     |  1- 3 |  4- 6 |  7- 9 || total
---------------------------+-------+-------+-------++-------
  Melee: Unarmed           |    63 |    67 |       ||   130
         Constrict         |    19 |    23 |     9 ||    51
         Tentacles         |    11 |    20 |    14 ||    45
         Punch             |     2 |     3 |     1 ||     6
         Short sword       |       |    43 |    39 ||    82
  Throw: Dart              |       |       |     2 ||     2
   Stab: Sleeping          |     5 |     3 |       ||     8
         Distracted        |       |     1 |       ||     1
 Armour: Skin              |     9 |    11 |     2 ||    22
  Dodge: Dodged            |    40 |    73 |    27 ||   140

Table legend: (Time is in decaauts)
 A = Elapsed time spent in this place.
 B = Non-inter-level travel time spent in this place.
 C = Inter-level travel time spent in this place.
 D = Time resting spent in this place.
 E = Time spent auto-exploring this place.
 F = Levels seen in this place.
 G = Mean time per level.
                   A        B        C        D        E       F      G
               +--------+--------+--------+--------+--------+-----+--------+
         Total |   4200 |   3914 |    286 |    523 |   2607 |   7 |  600.0 |
       Dungeon |   3663 |   3401 |    262 |    166 |   2591 |   5 |  732.6 |
        Temple |     26 |      2 |     24 |      0 |      0 |   1 |   26.0 |
       Ossuary |    510 |    510 |      0 |    357 |     16 |   1 |  510.0 |
               +--------+--------+--------+--------+--------+-----+--------+

Top non-repeatable levels by time:
     D:3: 1099 daAuts
     D:2: 938 daAuts
     D:1: 768 daAuts
     D:4: 705 daAuts
 Ossuary: 510 daAuts
     D:5: 150 daAuts
  Temple: 26 daAuts
